 Dungeon Crawl Stone Soup version 0.23.2-1-ga50397a (webtiles) character file.

Game seed: 17545647891591651697

33625 Fang the Fighter (level 13, 0/87 HPs)
             Began as a Gargoyle Berserker on Apr 30, 2019.
             Was a High Priest of Trog.
             Slain by an Executioner (3 damage)
             ... on level 1 of the Abyss.
             The game lasted 00:24:24 (14180 turns).

Fang the Fighter (Gargoyle Berserker)              Turns: 14180, Time: 00:24:25

Health: 0/87       AC: 29    Str: 26    XL:     13   Next: 72%
Magic:  13/13      EV: 16    Int:  8    God:    Trog [*****.]
Gold:   1590       SH:  0    Dex:  9    Spells: 12/12 levels left

rFire    + . .     SeeInvis .   w - +4 battleaxe (venom)
rCold    + + .     Gourm    .   (shield currently unavailable)
rNeg     + . .     Faith    .   b - +1 plate armour {rC+}
rPois    ∞         Spirit   .   (no helmet)
rElec    +         Reflect  .   D - scarf {rC+ rF+}
rCorr    .         Harm     .   E - +2 pair of gloves
MR       ++...                  (no boots)
Stlth    ..........             (no amulet)
HPRegen  1.00/turn              m - ring of stealth
MPRegen  0.13/turn              x - +5 ring of evasion

@: regenerating
A: [deterioration 1], negative energy resistance 1, [screaming 1], electricity
resistance, [inhibited regeneration], unbreathing, petrification resistance, rot
immunity, AC +9
a: Berserk, Trog's Hand, Brothers in Arms, Renounce Religion


You were on level 1 of the Abyss.
You worshipped Trog.
Trog was extremely pleased with you.
You were not hungry.

You visited 3 branches of the dungeon, and saw 15 of its levels.
You visited the Abyss 1 time.
You visited 1 bazaar.

You collected 1590 gold pieces.

Inventory:

Hand Weapons
 a - a +1 war axe
 d - a +1 hand axe of flaming
 w - a +4 battleaxe of venom (weapon)
Armour
 b - a +1 plate armour of cold resistance (worn)
 D - a scarf of resistance (worn)
 E - a +2 pair of gloves (worn)
 F - a +2 cloak
Jewellery
 m - a ring of stealth (left hand)
 x - a +5 ring of evasion (right hand)
Wands
 e - a wand of polymorph (11)
 f - a wand of flame (29)
 g - a wand of iceblast (9)
 u - a wand of disintegration (8)
 y - a wand of random effects (26)
 C - a wand of acid (9)
Scrolls
 h - 8 scrolls of remove curse
 i - 2 scrolls of magic mapping
 o - 7 scrolls of teleportation
 s - 3 scrolls of fog
 z - 2 scrolls of identify
 B - 2 scrolls of blinking
 I - a scroll of summoning
Potions
 j - 3 potions of resistance
 k - 3 potions of flight
 l - 2 potions of invisibility
 n - 4 potions of heal wounds
 p - 6 potions of curing
 q - 2 potions of might
 r - 3 potions of cancellation
 t - a potion of agility
 v - 4 potions of mutation
 A - a potion of ambrosia
 J - 2 potions of haste
 K - a potion of berserk rage
Comestibles
 c - 16 rations


   Skills:
 + Level 12.8 Fighting
 + Level 11.0 Axes
 + Level 12.6 Armour
 + Level 10.0 Dodging


You had 12 spell levels left.
You didn't know any spells.
Your spell library was empty.

Dungeon Overview and Level Annotations

Branches:
Dungeon (12/15)            Temple (1/1) D:5            Lair (2/6) D:8
    Orc (0/2) D:9
  Swamp: Lair:2-4    Shoals: Lair:2-4     Snake: Lair:2-4    Spider: Lair:2-4

Altars:
Ashenzari
Cheibriados
Dithmenos
Gozag
Okawaru
Qazlal
Uskayaw
Xom
Zin

Shops:
D:9 !

Annotations:
D:3 2 transporters
D:12 2 runed translucent doors
Lair:2 3 runed translucent doors, Sonja; Zoobame's ghost, journeyman DEWz


Innate Abilities, Weirdness & Mutations

You are resistant to torment.
Your stone body is resilient. (AC +9)
You are immune to poison.
You resist negative energy. (rN+)
You are resistant to electric shocks. (rElec)
You can survive without breathing.
You are immune to petrification.
You are immune to rotting.
[Your body sometimes deteriorates upon taking damage.]
[You occasionally shout uncontrollably at your foes.]
[You do not regenerate when monsters are visible.]


Message History

Pain shoots through your body!
* * * LOW HITPOINT WARNING * * *
The Executioner misses you.
The Executioner hits you but does no damage.
The Executioner hits you.
* * * LOW HITPOINT WARNING * * *
Your ogre barely misses the Executioner.
The Executioner completely misses you.
The Executioner hits you but does no damage. x2
The Executioner hits you!
* * * LOW HITPOINT WARNING * * *
The Executioner misses you. The Executioner hits you.
* * * LOW HITPOINT WARNING * * *
Your ogre closely misses the Executioner.
The Executioner hits you but does no damage. x2
The Executioner misses you.
Your skin crawls.
You feel resistant to hostile enchantments.
You feel somewhat more hungry. The Executioner hits you.
You die...

.## .# .. ##
... #.###.#
#... #..#..
##..##
#.#..#.##.....#
..........#
#..O...#
#@1....#
#..#...#
##$.....#
.#..##.. . .
.... ... ##
#..## .# ###


You could see an Executioner and a friendly ogre (berserk).

Vanquished Creatures
  A bone dragon (Abyss:1)
  A tentacled starspawn (Abyss:1)
  Kirke (D:12)
  A very ugly thing (D:10)
  3 hydras (Lair:2)
  A death yak (Lair:2)
  A wretched star (Abyss:1)
  A lindwurm (Lair:2)
  An unseen horror (D:12)
  Pikel (D:8)
  An orc knight (D:10)
  A wolf spider (D:12)
  2 ugly things
  A manticore (D:12)
  A worldbinder (Abyss:1)
  A black mamba (Lair:2)
  A gargoyle (D:12)
  4 spiny frogs
  A rime drake (shapeshifter) (D:12)
  A yaktaur (D:12)
  6 komodo dragons
  A tengu conjurer (D:12)
  An ancient zyme (Abyss:1)
  2 trolls (D:12)
  A hornet (D:11)
  5 hippogriffs
  4 blink frogs (Lair:2)
  2 shadows (D:10)
  2 wyverns
  3 basilisks
  A hungry ghost (D:12)
  18 yaks
  A warg (D:9)
  Edmund (D:6)
  A soldier ant (D:10)
  A soldier ant (shapeshifter) (D:10)
  7 water moccasins
  11 orc warriors
  7 ice beasts
  5 sky beasts
  2 black bears
  3 slaves (D:8)
  2 phantoms
  7 centaurs
  13 ogres
  3 wolves (Lair:2)
  3 big kobolds
  15 crocodiles
  10 bullfrogs
  3 scorpions
  4 killer bees (D:9)
  5 electric eels (D:11)
  2 howler monkeys
  9 crimson imps
  A bullfrog zombie (D:12)
  3 centaur zombies
  3 centaur skeletons
  A gnoll shaman (D:10)
  7 orc priests
  7 hounds
  2 jellies
  9 orc wizards
  Crazy Yiuf (D:2)
  Ijyb (D:5)
  9 iguanas
  4 worker ants
  Terence (D:3)
  A hound skeleton (D:5)
  A worker ant zombie (D:9)
  5 gnolls
  17 adders
  3 shadow imps
  An ooze (D:1)
  2 adder skeletons
  2 worms
  9 leopard geckos
  38 orcs
  6 bats
  A giant cockroach (D:6)
  4 goblins
  9 hobgoblins
  8 jackals
  4 quokkas
  2 ball pythons
  15 frilled lizards
  15 kobolds
  3 quokka skeletons
  3 rats
  4 plants (D:11)
  A starspawn tentacle (Abyss:1)
390 creatures vanquished.

Vanquished Creatures (collateral kills)
  2 hippogriffs
  2 hungry ghosts (D:12)
4 creatures vanquished.

Vanquished Creatures (others)
  3 humans (D:12)
  An orc (D:11)
  A fungus (Lair:1)
  4 plants (Lair:2)
  2 starspawn tentacles (Abyss:1)
11 creatures vanquished.

Grand Total: 405 creatures vanquished

Notes
Turn   | Place    | Note
-------+----------+-------------------------------------------
     0 | D:1      | Fang the Gargoyle Berserker began the quest for the Orb.
     0 | D:1      | Reached XP level 1. HP: 14/14 MP: 1/1
    92 | D:1      | Reached XP level 2. HP: 13/19 MP: 2/2
   605 | D:2      | Reached XP level 3. HP: 22/23 MP: 3/3
   702 | D:2      | Reached ** piety under Trog
   832 | D:2      | Found a runed translucent door.
   833 | D:2      | Noticed Crazy Yiuf
  1301 | D:2      | Killed Crazy Yiuf
  1301 | D:2      | Reached XP level 4. HP: 29/29 MP: 4/4
  1542 | D:3      | Found a transporter.
  1542 | D:3      | Found a transporter.
  1573 | D:3      | Noticed Terence
  1589 | D:3      | Killed Terence
  1950 | D:3      | Reached XP level 5. HP: 33/33 MP: 5/5
  2333 | D:4      | Noticed an orc warrior
  2351 | D:4      | Killed an orc warrior
  2351 | D:4      | Reached XP level 6. HP: 11/39 MP: 6/6
  2366 | D:4      | Noticed a phantom
  2567 | D:4      | Killed a phantom
  2790 | D:4      | Reached skill level 5 in Fighting
  2790 | D:4      | Reached XP level 7. HP: 23/44 MP: 7/7
  3285 | D:5      | Entered Level 5 of the Dungeon
  3329 | D:5      | Noticed Ijyb
  3344 | D:5      | Killed Ijyb
  3429 | D:5      | Found a shimmering altar of Xom.
  3468 | D:5      | Found a staircase to the Ecumenical Temple.
  3489 | D:5      | Reached skill level 5 in Armour
  3525 | Temple   | Entered the Ecumenical Temple
  3788 | D:5      | Reached XP level 8. HP: 47/51 MP: 8/8
  4807 | D:6      | Reached skill level 5 in Axes
  5129 | D:6      | Noticed Edmund
  5145 | D:6      | Killed Edmund
  5568 | D:7      | Reached XP level 9. HP: 56/56 MP: 9/9
  5669 | D:7      | Reached skill level 5 in Dodging
  6584 | D:7      | Reached *** piety under Trog
  6857 | D:8      | Found a staircase to the Lair.
  6862 | D:8      | Reached XP level 10. HP: 60/64 MP: 10/10
  7014 | D:8      | Noticed Pikel
  7023 | D:8      | Killed Pikel
  7434 | D:9      | Reached **** piety under Trog
  7750 | D:9      | Found Zaos's Distillery.
  8016 | D:9      | Found a staircase to the Orcish Mines.
  8241 | D:10     | Entered Level 10 of the Dungeon
  8374 | D:10     | Reached XP level 11. HP: 65/71 MP: 11/11
  8457 | D:10     | Noticed a green ugly thing
  8458 | D:10     | Noticed a green very ugly thing
  8469 | D:10     | Killed a green very ugly thing
  8469 | D:10     | Reached ***** piety under Trog
  8477 | D:10     | Killed a brown ugly thing
  8477 | D:10     | Reached skill level 10 in Fighting
  8558 | D:10     | Noticed an orc knight
  8568 | D:10     | Killed an orc knight
  8686 | D:10     | Reached skill level 10 in Armour
  9754 | D:12     | Found a flickering gateway to a bazaar.
  9765 | Bazaar   | Entered a bazaar
  9765 | Bazaar   | Found Ani Hual's Book Emporium.
  9765 | Bazaar   | Found Turhat's Book Shop.
  9765 | Bazaar   | Found Solieg's Magic Scroll Shoppe.
  9767 | Bazaar   | Found Monakaaf's Assorted Antiques.
  9767 | Bazaar   | Found Xosehich's Weapon Shoppe.
  9931 | D:12     | Killed an unseen horror
 10001 | D:12     | Reached XP level 12. HP: 79/79 MP: 12/12
 10011 | D:12     | Noticed Kirke
 10031 | D:12     | Killed Kirke
 10827 | D:12     | Found a runed translucent door.
 10828 | D:12     | Found a runed translucent door.
 11384 | Lair:1   | Entered Level 1 of the Lair of Beasts
 11410 | Lair:1   | Reached skill level 10 in Axes
 11839 | Lair:1   | Received a gift from Trog
 12608 | Lair:2   | Found a runed translucent gate.
 12608 | Lair:2   | Found a runed translucent gate.
 12616 | Lair:2   | Found a runed translucent gate.
 12642 | Lair:2   | Noticed Zoobame's ghost (journeyman DEWz)
 12655 | Lair:2   | Noticed a seven-headed hydra
 12668 | Lair:2   | Killed a nine-headed hydra
 12890 | Lair:2   | Reached XP level 13. HP: 86/86 MP: 13/13
 13831 | Lair:2   | Noticed a minotaur
 13875 | Lair:2   | Noticed Sonja
 13887 | Lair:2   | Cast into level 1 of the Abyss (Sonja)
 14059 | Abyss:1  | Noticed a bone dragon
 14071 | Abyss:1  | Killed a bone dragon
 14085 | Abyss:1  | Noticed a tentacled starspawn
 14093 | Abyss:1  | Killed a tentacled starspawn
 14093 | Abyss:1  | Reached skill level 10 in Dodging
 14174 | Abyss:1  | Noticed an Executioner
 14179 | Abyss:1  | HP: 2/87 [Executioner (3)]
 14180 | Abyss:1  | Slain by an Executioner

Skill      XL: |  1  2  3  4  5  6  7  8  9 10 11 12 13 |
---------------+----------------------------------------+-----
Axes           | 3 4 5 6 8 9 10 11 | 11.0
Dodging        | 2 3 4 6 7 8 9 10 | 10.0
Armour         | 3 4 5 6 7 9 10 11 12 | 12.6
Fighting       | 4 5 6 8 9 10 12 | 12.8

Action                   |  1- 3 |  4- 6 |  7- 9 | 10-12 | 13-15 || total
-------------------------+-------+-------+-------+-------+-------++-------
Melee: Hand axe          |    99 |    77 |       |     3 |    46 ||   225
       War axe           |       |    48 |   334 |     7 |       ||   389
       Battleaxe         |       |       |       |   584 |   105 ||   689
Invok: Berserk           |     1 |     2 |     6 |     6 |     2 ||    17
       Trog's Hand       |       |     1 |       |       |     3 ||     4
       Brothers in Arms  |       |       |       |     2 |     2 ||     4
  Use: Scroll            |       |       |    14 |    15 |       ||    29
       Potion            |       |       |       |     1 |     1 ||     2
 Stab: Sleeping          |     1 |       |       |       |       ||     1
  Eat: Chunk             |     1 |     6 |    17 |    25 |     5 ||    54
       Ration            |       |       |     1 |     1 |     1 ||     3
Armor: Animal skin       |    38 |    32 |       |       |       ||    70
       Chain mail        |       |    26 |   249 |    12 |       ||   287
       Plate armour      |       |       |       |   386 |   204 ||   590
Dodge: Dodged            |    58 |    82 |   322 |   594 |   259 ||  1315
